 Dungeon Crawl Stone Soup version 0.31.0-9-g3a7656b989 (webtiles) character file.

Game seed: 3933456412400952585

1236 Strat the Spear-Bearer (level 8, -1/62 HPs)
             Began as a Formicid Delver on Jan 24, 2024.
             Was a Priest of Elyvilon.
             Slain by a yak (13 damage)
             ... on level 8 of the Dungeon.
             The game lasted 00:13:53 (5839 turns).

Strat the Spear-Bearer (Formicid Delver)            Turns: 5839, Time: 00:13:54

Health: -1/62      AC: 19    Str: 19    XL:     8   Next: 78%
Magic:  10/10      EV:  6    Int: 10    God:    Elyvilon [***...]
Gold:   424        SH:  0    Dex: 21    Spells: 7/7 levels left

rFire   + . .        b - +1 halberd (protect)
rCold   . . .        (no shield)
rNeg    . . .        e - +1 plate armour
rPois   .            (helmet unavailable)
rElec   .            (no cloak)
rCorr   .            (no gloves)
SInv    +            (no boots)
Will    .....        (no amulet) Stlth
                     o - ring of protection from fire
HPRegen 0.30/turn    t - +6 ring of dexterity
MPRegen 0.12/turn

%: no passive effects
@: under a protective aura
A: permanent stasis, dig shafts and tunnels, antennae 3, four strong arms
a: Dig, Shaft Self, Renounce Religion, Purification, Heal Other, Heal Self


You were on level 8 of the Dungeon.
You worshipped Elyvilon.
Elyvilon was most pleased with you.
You visited 2 branches of the dungeon, and saw 7 of its levels.

You collected 424 gold pieces.

Inventory:

Hand Weapons
 a - a +3 spear
 b - a +1 halberd of protection (weapon)
 n - a +0 spear
Missiles
 h - 17 poisoned darts
Armour
 e - a +1 plate armour (worn)
 j - a +0 chain mail
Jewellery
 o - a ring of protection from fire (left hand)
 t - a +6 ring of dexterity (right hand)
Wands
 f - a wand of digging (3)
 i - a wand of flame (19)
Scrolls
 c - 2 scrolls of fog
 d - 2 scrolls of revelation
 r - a scroll of immolation
 y - a scroll of enchant armour
Potions
 k - a potion of brilliance
 l - 2 potions of haste {unknown}
 z - 4 potions of curing
 A - a potion of might {unknown}


   Skills:
 + Level 5.2 Fighting
 * Level 8.0 Polearms
 + Level 3.8 Armour
 - Level 1.7 Dodging
 - Level 6.0 Stealth
 + Level 3.5 Invocations


You had 7 spell levels left.
You didn't know any spells.
Your spell library contained the following spells:

 Spells                   Type           Power      Damage    Failure   Level
 Lesser Beckoning         Tloc           0%         N/A       100%        2
 Gell's Gravitas          Tloc           0%         N/A       100%        3
 Inner Flame              Hex/Fire       0%         N/A       100%        3
 Teleport Other           Tloc           0%         N/A       100%        3
 Flame Wave               Conj/Fire      0%         2d4       100%        4
 Sticky Flame             Fire/Alch      0%         2d4       100%        4


Dungeon Overview and Level Annotations

Branches:
Dungeon (5/15)             Temple (1/1) D:4

Altars:
Cheibriados
Dithmenos
Elyvilon
Hepliaklqana
Kikubaaqudgha
Makhleb
Nemelex Xobeh
Vehumet
Wu Jian
Zin

Annotations:
D:4 Crazy Yiuf


Innate Abilities, Weirdness & Mutations

You cannot be hasted, slowed, berserked, paralysed or teleported.
You can dig through walls and to a lower floor.
You have a pair of large antennae on your head. (SInv)
Your four strong arms can wield two-handed weapons with a shield.


Message History

The yak gores you.
You hit the yak but do no damage.
The yak is moderately wounded.
The yak gores you but does no damage.
You puncture the yak!
The yak is heavily wounded.
The yak gores you but does no damage. The yak gores you!
* * * LOW HITPOINT WARNING * * *
You slash the yak!
The yak is almost dead.
The yak completely misses you.
You hit the yak.
You kill the yak!
Your Polearms skill increases to level 8!
You hit the yak but do no damage. The yak gores you.
* * * LOW HITPOINT WARNING * * *
The yak gores you but does no damage.
You slash the yak!
The yak is moderately wounded.
The yak gores you!
* * * LOW HITPOINT WARNING * * *
You puncture the yak!
The yak is heavily wounded.
The yak gores you.
* * * LOW HITPOINT WARNING * * *
You closely miss the yak.
The yak is heavily wounded.
The yak gores you!
* * * LOW HITPOINT WARNING * * *
You closely miss the yak.
The yak is heavily wounded.
The yak barely misses you.
You hit the yak but do no damage.
The yak is heavily wounded.
The yak gores you! Elyvilon protects you from harm!
You closely miss the yak.
The yak is heavily wounded.
The yak gores you!
You die...

#
....########
#....@Y..#
########.#
#.######
#YY....#
#..###.#
#..# #..##
#...# ##..#


You could see a yak.

Vanquished Creatures
  2 yaks (D:8)
  A black bear (D:4)
  A phantom (D:4)
  A scorpion (D:4)
  A howler monkey (D:4)
  3 bombardier beetles
  A hound (D:4)
  A jelly (D:5)
  2 orc priests (D:4)
  5 orc wizards (D:4)
  5 iguanas
  3 gnolls
  6 adders
  A shadow imp (D:4)
  4 dart slugs
  2 ribbon worms
  4 orcs
  8 bats
  14 endoplasms
  4 giant cockroaches
  2 hobgoblins
  A jackal (D:1)
  6 quokkas
  8 ball pythons
  5 frilled lizards
  8 goblins
  10 kobolds
  7 rats
116 creatures vanquished.

Vanquished Creatures (others)
  An orc wizard (D:4)
1 creature vanquished.

Grand Total: 117 creatures vanquished

Notes
Turn   | Place    | Note
-------+----------+-------------------------------------------
     0 | D:5      | Strat the Formicid Delver began the quest for the Orb.
     0 | D:5      | Reached XP level 1. HP: 18/18 MP: 1/1
    27 | D:5      | Noticed an iguana
    41 | D:4      | Found a staircase to the Ecumenical Temple.
    67 | Temple   | Entered the Ecumenical Temple
   100 | Temple   | Became a worshipper of Elyvilon the Healer
   274 | D:3      | Reached XP level 2. HP: 24/24 MP: 2/2
   406 | D:2      | Reached skill level 3 in Polearms
   712 | D:1      | Reached XP level 3. HP: 29/29 MP: 3/3
  1049 | D:1      | Reached * piety under Elyvilon
  1169 | D:1      | Found a faded altar of an unknown god.
  1501 | D:1      | Reached skill level 4 in Polearms
  1501 | D:1      | Reached XP level 4. HP: 33/35 MP: 4/4
  1603 | D:2      | Reached ** piety under Elyvilon
  2114 | D:3      | Reached XP level 5. HP: 38/41 MP: 5/5
  2355 | D:3      | Reached skill level 5 in Polearms
  2583 | D:3      | Found a burning altar of Makhleb.
  2588 | D:3      | Found a glowing silver altar of Zin.
  2589 | D:3      | Noticed an angel
  2591 | D:3      | Noticed a green death
  2939 | D:4      | Reached *** piety under Elyvilon
  2946 | D:4      | Noticed a black bear
  3018 | D:4      | Killed a black bear
  3019 | D:4      | Reached skill level 6 in Polearms
  3019 | D:4      | Reached XP level 6. HP: 46/47 MP: 6/6
  3326 | D:4      | Reached skill level 1 in Armour
  3344 | D:4      | Found a sparkling altar of Nemelex Xobeh.
  3493 | D:4      | Reached XP level 7. HP: 41/53 MP: 7/7
  4094 | D:4      | Reached skill level 1 in Invocations
  4462 | D:4      | Reached skill level 7 in Polearms
  4577 | D:4      | Found a runed translucent door.
  4578 | D:4      | Noticed Crazy Yiuf
  4662 | D:4      | HP: 2/53 [Crazy Yiuf/+4 quarterstaff of chaos (3)]
  5163 | D:5      | Reached XP level 8. HP: 58/61 MP: 9/9
  5222 | D:5      | Found a radiant altar of Vehumet.
  5598 | D:5      | You fall into a shaft and drop 3 floors!
  5801 | D:8      | Noticed a yak
  5801 | D:8      | Noticed a yak
  5801 | D:8      | Noticed a yak
  5824 | D:8      | Killed a yak
  5825 | D:8      | Reached skill level 5 in Fighting
  5832 | D:8      | Killed a yak
  5833 | D:8      | Reached skill level 8 in Polearms
  5838 | D:8      | Elyvilon protects you from harm!
  5839 | D:8      | Slain by a yak

Illustrated notes

Levels and vault maps discovered:
D:1:      nagdon_arrival_double_spiral, layout_loops_ring,
          hellmonk_ecumenical_altar_blasted, minmay_misc_feat_rugged,
          st_stairs_8
D:2:      layout_basic
D:3:      wad_woods_tower, layout_basic,
          grunt_temple_overflow_order_and_chaos_2, minmay_gold_behind_fungi
D:4:      layout_basic, mainiacjoe_overflow_surrounded_room,
          minmay_temple_entry_glass, minmay_a_box_with_orc_wizards_in_it,
          uniq_crazy_yiuf_cottage
D:5:      layout_rooms, vehumet_altar_wand_db, blue_anna_alchemist, uniq_grinder
D:8:      layout_loops_corners, fedhas_ov_isle_minmay,
          gammafunk_temple_overflow_forgotten
Temple:   hellmonk_temple_beads

Skill      XL: |  1  2  3  4  5  6  7  8 |
---------------+-------------------------+-----
Polearms       | 3 4 6 7 8 |  8.0
Armour         | 1 2 3 |  3.8
Fighting       | 4 5 |  5.2
Invocations    | 2 3 |  3.5
Dodging        | |  1.7
Stealth        | |  6.0

Action                     |  1- 3 |  4- 6 |  7- 9 || total
---------------------------+-------+-------+-------++-------
  Melee: Spear             |   130 |   158 |    87 ||   375
         Punch             |     1 |     1 |     1 ||     3
         Halberd           |       |       |    86 ||    86
  Throw: Throwing net      |       |     1 |       ||     1
Ability: Shaft Self        |       |       |     1 ||     1
    Use: Scroll            |       |     1 |     9 ||    10
         Potion            |       |       |     3 ||     3
   Stab: Sleeping          |     7 |       |       ||     7
         Held in net/web   |       |     1 |       ||     1
         Invisible         |       |       |     1 ||     1
 Armour: Scale mail        |    38 |       |       ||    38
         Chain mail        |    10 |    76 |    36 ||   122
         Plate armour      |       |       |    95 ||    95
  Dodge: Dodged            |    51 |    50 |    37 ||   138
